 Dungeon Crawl Stone Soup version 0.19-a0-854-gc78d25d (webtiles) character file.

940 Implojin the Cleaver (level 7, -4/57 HPs)
             Began as a Minotaur Berserker on July 1, 2016.
             Was a Believer of Trog.
             Succumbed to Sonja's curare-tipped needle
             ... on level 1 of the Lair of Beasts.
             The game lasted 00:07:33 (919 turns).

Implojin the Cleaver (Minotaur Berserker)            Turns: 919, Time: 00:07:33

Health: -4/57      AC: 12    Str: 20 (22) XL:     7   Next: 88%
Magic:  6/6        EV: 11    Int:  2 (4)  God:    Trog [**....]
Gold:   53         SH:  0    Dex: 15 (16) Spells: 0 memorised, 6 levels left

rFire  . . .     SeeInvis .     r - +0 war axe
rCold  + . .     Gourm    .     n - +0 plate armour
rNeg   . . .     Faith    .     (no shield)
rPois  .         Spirit   .     (helmet restricted)
rElec  .         Dismiss  .     (no cloak)
rCorr  .         Reflect  .     C - +0 pair of gloves
SustAt .         Harm     .     (no boots)
MR     .....                    (no amulet)
Stlth  ..........               (no ring)
                                d - ring of protection from cold

@: agile, lethally poisoned (-4 -> -58), exhausted, slowed, very slow, not
resistant to hostile enchantments, extremely unstealthy
A: retaliatory headbutt, horns 2
a: Berserk, Trog's Hand, Burn Spellbooks, Renounce Religion


You were on level 1 of the Lair of Beasts.
You worshipped Trog.
Trog was pleased with you.
You were hungry.

You visited 2 branches of the dungeon, and saw 10 of its levels.

You collected 53 gold pieces.

Inventory:

Hand Weapons
 a - a +0 hand axe
 r - a +0 war axe (weapon)
Missiles
 f - 7 javelins (quivered)
Armour
 j - a +0 ring mail
 n - a +0 plate armour (worn)
 C - a +0 pair of gloves (worn)
Jewellery
 d - a ring of protection from cold (left hand)
Scrolls
 b - a scroll of enchant armour {unknown}
 e - a scroll of noise
 g - a scroll of fear {unknown}
 m - a scroll of fog {unknown}
 o - a scroll of amnesia {unknown}
 q - a scroll of identify {unknown}
 s - a scroll of acquirement {unknown}
 u - a scroll of vulnerability {unknown}
 x - a scroll of summoning {unknown}
 y - a scroll of remove curse {unknown}
 A - a scroll of immolation {unknown}
 B - a scroll of teleportation {unknown}
Potions
 i - a potion of degeneration
 p - 3 potions of brilliance
 t - a potion of berserk rage {unknown}
 z - a potion of agility
Comestibles
 c - 4 bread rations
 h - 8 slices of pizza
 k - a royal jelly
 l - 2 meat rations
 w - 2 chunks of flesh


   Skills:
 - Level 3.6 Fighting
 * Level 11.2 Axes
 - Level 2.4 Armour
 - Level 2.1 Dodging


You had 6 spell levels left.
You didn't know any spells.

Dungeon Overview and Level Annotations

Branches:
Dungeon (9/15)               Lair (1/6) D:9
 Temple: D:4-7          Orc: D:9-12

Altars:

Annotations:
Lair:1 Sonja


Innate Abilities, Weirdness & Mutations

You reflexively headbutt those who attack you in melee.
You have a pair of horns on your head.


Message History

You see here 2 curare-tipped needles.
Unknown command.
Unknown command.
Unknown command.
You feel much better.
* * * LOW HITPOINT WARNING * * *
You feel very sick.
Sonja shoots a curare-tipped needle.
The curare-tipped needle hits you.
You are more poisoned.
You have difficulty breathing.
* * * LOW HITPOINT WARNING * * *
You feel as though you will be slow longer.
Sonja shoots a curare-tipped needle.
The curare-tipped needle hits you.
You are more poisoned.
You have difficulty breathing.
* * * LOW HITPOINT WARNING * * *
You feel as though you will be slow longer.
Sonja shoots a curare-tipped needle.
The curare-tipped needle hits you.
You are more poisoned.
You have difficulty breathing.
* * * LOW HITPOINT WARNING * * *
You feel as though you will be slow longer.
Unknown command.
Unknown command.
Unknown command.
Unknown command.
Okay, then.
It was a potion of degeneration.
There was something very wrong with that liquid.
You feel weakened.
You feel dopey.
You feel clumsy.
* * * LOW HITPOINT WARNING * * *
You feel extremely sick.
Sonja casts a spell.
Sonja blinks!
It was a potion of agility.
You feel agile all of a sudden.
You die...

#.........##.#...........
#....#..#......#......#..
.......##......#....#.ยง) #
.....#.##.#.........P.# ?#
.....#....##.#.P......#.#...
.....P....##.#......(....#.
..........#..#..............
.....#....##.#..........##..
.....#....##....@(......#
.....#....##.............#
..........#.>P..........##
..........................
P.####P#P#P#.######.###.###
## ######### ### ##


There were no monsters in sight!

Vanquished Creatures
  A human (D:8)
  An orc warrior (D:8)
  A phantom (D:8)
  2 ogres
  2 giant frogs (Lair:1)
  2 hounds
  A jelly (D:9)
  An orc priest (D:8)
  A gnoll shaman (D:6)
  An iguana (D:6)
  3 worker ants
  5 gnolls (D:7)
  A shadow imp (D:8)
  An adder skeleton (D:6)
  A dart slug (D:2)
  3 orcs
  2 jackals (D:5)
  2 quokkas
  A ball python (D:1)
  2 bats (D:1)
  2 giant newts
  A quokka skeleton (D:9)
37 creatures vanquished.

Notes
Turn   | Place    | Note
-------+----------+-------------------------------------------
     0 | D:1      | Implojin the Minotaur Berserker began the quest for the Orb.
     0 | D:1      | Reached XP level 1. HP: 19/19 MP: 0/0
    77 | D:2      | Reached skill level 4 in Axes
   135 | D:4      | Noticed a worker ant
   145 | D:4      | Killed a worker ant
   145 | D:4      | Reached skill level 5 in Axes
   145 | D:4      | Reached XP level 2. HP: 26/26 MP: 1/1
   145 | D:4      | Reached XP level 3. HP: 31/31 MP: 2/2
   176 | D:5      | Entered Level 5 of the Dungeon
   249 | D:6      | Noticed an ogre
   261 | D:6      | Reached skill level 6 in Axes
   261 | D:6      | Reached XP level 4. HP: 39/39 MP: 3/3
   264 | D:6      | Killed an ogre
   264 | D:6      | Reached skill level 7 in Axes
   264 | D:6      | Reached XP level 5. HP: 39/45 MP: 4/4
   359 | D:7      | Reached skill level 8 in Axes
   370 | D:7      | Reached XP level 6. HP: 9/51 MP: 5/5
   394 | D:7      | Reached ** piety under Trog
   429 | D:8      | Reached skill level 9 in Axes
   525 | D:8      | Noticed a human
   535 | D:8      | Killed a human
   535 | D:8      | Reached XP level 7. HP: 43/57 MP: 6/6
   635 | D:8      | Reached skill level 10 in Axes
   639 | D:8      | HP: 4/85 [orc priest/divine providence (11)]
   809 | D:9      | Found a staircase to the Lair.
   826 | Lair:1   | Entered Level 1 of the Lair of Beasts
   837 | Lair:1   | Reached skill level 11 in Axes
   910 | Lair:1   | Noticed Sonja
   918 | Lair:1   | HP: 1/57 [poisoned by Sonja (curare-tipped needle)]
   919 | Lair:1   | Succumbed to Sonja's curare-tipped needle

Vault maps used:
D:1:      minmay_arrival_open_corners
D:2:      first_bread
D:3:      tso_oasis_becter, kennysheep_decorative_pillar,
          hangedman_abyss_or_decor_stabs, uniq_grinder
D:4:      gammafunk_temple_overflow_pools
D:5:      serial_shops, nicolae_shop_trees, kennysheep_generic_room_3,
          uniq_pikel
D:6:      minmay_shoptagon
D:7:      minmay_misc_feat_rows
D:8:      serial_bayou_pond_a, grunt_pizzeria
D:9:      wad_river_or_something, yredelemnul_altar_generic, lair_0_dummy,
          lemuel_oklob_altar
Lair:1:   hibernation_bobbens, uniq_nergalle, uniq_urug, uniq_sonja

Skill      XL: |  1  2  3  4  5  6  7 |
---------------+----------------------+-----
Axes           | 5 6 7 8 9 11 | 11.2
Fighting       | |  3.6
Armour         | |  2.4
Dodging        | |  2.1

Action                   |  1- 3 |  4- 6 |  7- 9 || total
-------------------------+-------+-------+-------++-------
Melee: Hand axe          |    21 |    42 |       ||    63
       Headbutt          |     4 |     4 |     6 ||    14
       War axe           |       |       |    41 ||    41
Throw: Javelin           |       |       |     1 ||     1
Invok: Berserk           |     2 |     3 |     3 ||     8
       Burn Spellbooks   |       |     1 |       ||     1
       Trog's Hand       |       |       |     1 ||     1
  Use: Potion            |       |     4 |     3 ||     7
       Scroll            |       |       |     1 ||     1
  Eat: Chunk             |       |     3 |     5 ||     8
Armor: Ring mail         |     4 |       |       ||     4
       Animal skin       |     4 |       |       ||     4
       Plate armour      |     7 |    26 |    13 ||    46
Dodge: Dodged            |     5 |    11 |    11 ||    27

Table legend:
 A = Turns spent in this place as a percentage of turns spent in the entire game.
 B = Non-inter-level travel turns spent in this place as a percentage of non-inter-level travel turns spent in the entire game.
 C = Inter-level travel turns spent in this place as a percentage of turns spent in this place.
 D = Turns resting spent in this place as a percentage of non-inter-level travel turns spent in this place.
 E = Turns spent auto-exploring this place as a percentage of non-inter-level travel turns spent in this place.
 F = Non-inter-level travel turns spent in this place divided by the number of levels of this place that you've seen.
                   A       B       C       D       E      F
               +-------+-------+-------+-------+-------+----------------------
         Total | 100.0 | 100.0 |   0.0 |   0.4 |   0.0 |  95.2
       Dungeon |  88.9 |  88.9 |   0.0 |   0.5 |   0.0 |  94.0
          Lair |  11.1 |  11.1 |   0.0 |   0.0 |   0.0 | 106.0
               +-------+-------+-------+-------+-------+----------------------

Table legend:
 A = Kills in this place as a percentage of kills in entire the game.
 B = Kills by you in this place as a percentage of kills by you in the entire game.
 C = Kills by friends in this place as a percentage of kills by friends in the entire game.
 D = Other kills in this place as a percentage of other kills in the entire game.
 E = Experience gained in this place as a percentage of experience gained in the entire game.
 F = Experience gained in this place divided by the number of levels of this place that you have seen.
                   A       B       C       D       E      F
               +-------+-------+-------+-------+-------+----------------------
         Total | 100.0 | 100.0 |  -nan |  -nan | 100.0 | 134.3
       Dungeon |  94.6 |  94.6 |  -nan |  -nan |  86.4 | 128.9
          Lair |   5.4 |   5.4 |  -nan |  -nan |  13.6 | 183.0
               +-------+-------+-------+-------+-------+----------------------
